 Dungeon Sprint DCSS version 0.21-a0-414-gba8bdf1 (webtiles) character file.

1281 Kidiri the Ruffian (level 8, -14/84 HPs)
             Began as a Troll Hunter on Nov 2, 2017.
             Was a Believer of Okawaru.
             Demolished by a six-headed hydra (17 damage)
             ... in the Dungeon (Sprint IX: "|||||||||||||||||||||||||||||").
             The game lasted 00:04:09 (442 turns).

Kidiri the Ruffian (Troll Hunter)                    Turns: 442, Time: 00:04:09

Health: -14/84     AC:  7    Str: 21    XL:     8   Next: 29%
Magic:  6/9        EV: 20    Int:  7    God:    Okawaru [**....]
Gold:   0          SH:  0    Dex: 12    Spells: 7/7 levels left

rFire    . . .     SeeInvis .     - Unarmed
rCold    . . .     Gourm    +   (no shield)
rNeg     . . .     Faith    .   b - +0 robe
rPois    .         Spirit   .   (helmet restricted)
rElec    .         Reflect  .   q - +0 cloak
rCorr    .         Harm     .   (gloves unavailable)
MR       .....     NoTele   +   (boots unavailable)
Stlth    ++++......             (no amulet)
HPRegen  0.64/turn              r - +2 ring of evasion
MPRegen  0.11/turn              s - +2 ring of evasion

@: heroism
A: unfitting armour, claws 3, deterioration 1, fast metabolism 3, gourmand, low
mp 1, regeneration 1, shaggy fur 1, tough skin 2
a: Heroism, Renounce Religion


You were in the Dungeon.
You worshipped Okawaru.
Okawaru was pleased with you.
You were not hungry.

You visited 1 branch

Inventory:

Missiles
 d - 2 throwing nets (quivered)
 l - 8 stones
Armour
 b - a +0 robe (worn)
 q - a +0 cloak (worn)
Jewellery
 r - a +2 ring of evasion (left claw)
 s - a +2 ring of evasion (right claw)
Wands
 p - a wand of lightning (7/15)
Scrolls
 a - 5 scrolls of enchant armour
 k - 4 scrolls of blinking
 n - 3 scrolls of remove curse
 o - 2 scrolls of amnesia
 t - 2 scrolls of enchant weapon
Potions
 e - a potion of invisibility
 g - 3 potions of heal wounds
 h - a potion of haste
 i - 4 potions of magic
 j - a potion of berserk rage
 m - 9 potions of curing
Comestibles
 f - 2 bread rations


   Skills:
 * Level 6.8(11.8) Fighting
 + Level 6.3(11.3) Throwing
 + Level 4.4(9.4) Armour
 * Level 6.9(11.9) Dodging
 * Level 5.0(10.0) Stealth
 * Level 7.9(12.9) Unarmed Combat
 + Level 4.5 Invocations


You had 7 spell levels left.
You didn't know any spells.

Dungeon Overview and Level Annotations

Branches:
Dungeon (1/1)

Altars:
Cheibriados
Dithmenos
Elyvilon
Fedhas
Gozag
Hepliaklqana
Kikubaaqudgha
Makhleb
Nemelex Xobeh
Okawaru
Qazlal
Ru
Sif Muna
Trog
Uskayaw
Vehumet
Wu Jian
Xom
Yredelemnul
Zin
The Shining One
Beogh
Jiyva
Lugonu


Innate Abilities, Weirdness & Mutations

You are too large for most types of armour.
You have claws for hands.
Your metabolism is lightning-fast.
You like to eat raw meat.
Your natural rate of healing is unusually fast.
You are covered in fur. (AC +1)
You have very tough skin. (AC +2)
Your body sometimes deteriorates upon taking damage.
Your magical capacity is low. (-10% MP)


Message History

Okawaru is honoured by your kill.
Your base Stealth skill increases to level 5!
The six-headed hydra completely misses you.
The six-headed hydra closely misses you.
The six-headed hydra bites you! x3
* * * LOW HITPOINT WARNING * * *
The six-headed hydra closely misses you.
A spiny frog comes into view.
Unknown command.
Throwing (i - inventory. (,) - cycle):
c - a large rock (quivered)
Press: ? - help, Shift-Dir - straight line, f - six-headed hydra
Aim: a six-headed hydra You throw a large rock.
The spiny frog croaks.
The large rock hits the six-headed hydra!!
The six-headed hydra is moderately wounded.
The six-headed hydra bites you!
* * * LOW HITPOINT WARNING * * *
The six-headed hydra bites you!
You die...

▓.▓.▓.▓
▓.▓.▓)▓
▓(▓.▓.▓
▓[▓.▓.▓
▓.▓.▓'▓
▓.▓.▓_▓
▓.▓.▓_▓
▓.▓.▓_▓
▓@▓.▓_▓
▓D▓.▓_▓
▓F▓.▓_▓
▓F▓.▓_▓
▓h▓.▓_▓
▓t▓.▓_▓
▓F▓.▓_▓
▓l▓.▓_▓
▓.▓_▓


You could see a six-headed hydra, 2 spiny frogs, a crocodile, a wyvern
(wandering), a wolf and a bullfrog.

Vanquished Creatures
  An ugly thing (D)
  A komodo dragon (D)
  A yak (D)
  A hungry ghost (D)
  A porcupine (D)
  A sky beast (D)
  A bullfrog (D)
  3 hounds (D)
  A worker ant (D)
  2 adders (D)
  A shadow imp (D)
  An adder zombie (D)
  2 leopard geckos (D)
  An orc (D)
  A goblin (D)
  A ball python zombie (D)
  A bat (D)
  2 kobolds (D)
  A leopard gecko skeleton (D)
24 creatures vanquished.

Notes
Turn   | Place    | Note
-------+----------+-------------------------------------------
     0 | D        | Kidiri the Troll Hunter began the quest for the Orb.
     0 | D        | Reached XP level 1. HP: 19/19 MP: 0/0
    15 | D        | Reached skill level 1 in Unarmed Combat
    51 | D        | Reached skill level 1 in Stealth
    56 | D        | Reached XP level 2. HP: 13/28 MP: 1/1
    60 | D        | Reached skill level 1 in Armour
    60 | D        | Reached skill level 2 in Unarmed Combat
    66 | D        | Reached XP level 3. HP: 11/36 MP: 2/2
    83 | D        | Found a roughly hewn altar of Beogh.
    83 | D        | Found a snail-covered altar of Cheibriados.
    83 | D        | Found a shadowy altar of Dithmenos.
    83 | D        | Found a white marble altar of Elyvilon.
    83 | D        | Found a blossoming altar of Fedhas.
    83 | D        | Found an opulent altar of Gozag.
    84 | D        | Found a hazy altar of Hepliaklqana.
    85 | D        | Found a viscous altar of Jiyva.
    86 | D        | Found an ancient bone altar of Kikubaaqudgha.
    87 | D        | Found a corrupted altar of Lugonu.
    88 | D        | Found a burning altar of Makhleb.
    89 | D        | Found a sparkling altar of Nemelex Xobeh.
    90 | D        | Found an iron altar of Okawaru.
    91 | D        | Found a stormy altar of Qazlal.
    92 | D        | Found a sacrificial altar of Ru.
    93 | D        | Found a deep blue altar of Sif Muna.
    94 | D        | Found a bloodstained altar of Trog.
    95 | D        | Found a hide-covered altar of Uskayaw.
    96 | D        | Found a radiant altar of Vehumet.
    97 | D        | Found an ornate altar of the Wu Jian Council.
    98 | D        | Became a worshipper of Warmaster Okawaru
    99 | D        | Found a shimmering altar of Xom.
   100 | D        | Found a basalt altar of Yredelemnul.
   101 | D        | Found a glowing silver altar of Zin.
   102 | D        | Found a glowing golden altar of the Shining One.
   136 | D        | Noticed a hungry ghost
   136 | D        | Noticed a sky beast
   136 | D        | Noticed a yak
   137 | D        | Reached skill level 3 in Unarmed Combat
   139 | D        | Reached XP level 4. HP: 40/45 MP: 3/3
   156 | D        | Killed a hungry ghost
   156 | D        | Reached skill level 4 in Unarmed Combat
   156 | D        | Reached XP level 5. HP: 41/55 MP: 3/5
   160 | D        | Killed a sky beast
   160 | D        | Reached * piety under Okawaru
   160 | D        | Reached skill level 5 in Throwing
   160 | D        | Reached skill level 5 in Unarmed Combat
   160 | D        | Reached XP level 6. HP: 39/65 MP: 3/7
   182 | D        | Killed a yak
   182 | D        | Reached skill level 5 in Fighting
   182 | D        | Reached skill level 5 in Dodging
   182 | D        | Reached skill level 6 in Unarmed Combat
   186 | D        | Gained mutation: Your body sometimes deteriorates upon taking damage. [mutagenic meat]
   235 | D        | Noticed a purple ugly thing
   244 | D        | Reached XP level 7. HP: 71/72 MP: 8/8
   248 | D        | Killed a purple ugly thing
   248 | D        | Reached ** piety under Okawaru
   248 | D        | Reached skill level 7 in Unarmed Combat
   261 | D        | Gained mutation: Your magical capacity is low. (-10% MP) [mutagenic meat]
   437 | D        | Noticed a komodo dragon
   437 | D        | Noticed a six-headed hydra
   437 | D        | Noticed a spiny frog
   439 | D        | Reached XP level 8. HP: 57/84 MP: 6/9
   441 | D        | Killed a komodo dragon
   441 | D        | Reached skill level 5 in Stealth
   442 | D        | Noticed a spiny frog
   442 | D        | HP: 3/84 [six-headed hydra (14)]
   442 | D        | Demolished by a six-headed hydra

Vault maps used:
D:        linesprint

Skill      XL: |  1  2  3  4  5  6  7  8 |
---------------+-------------------------+-----
Unarmed Combat | 1 2 3 4 5 6 7 |  7.9
Fighting       | 2 3 4 5 6 |  6.8
Dodging        | 2 3 4 5 6 |  6.9
Stealth        | 1 2 3 4 5 |  5.0
Armour         | 1 2 3 4 |  4.4
Throwing       | 4 5 6 |  6.3
Invocations    | 2 3 4 |  4.5

Action                   |  1- 3 |  4- 6 |  7- 9 || total
-------------------------+-------+-------+-------++-------
Melee: Unarmed           |    33 |    42 |     9 ||    84
       Punch             |       |     1 |       ||     1
Throw: Large rock        |     8 |     1 |     5 ||    14
       Throwing net      |     2 |       |       ||     2
Invok: Heroism           |       |       |     2 ||     2
  Use: Potion            |     1 |       |       ||     1
  Eat: Chunk             |       |    14 |     2 ||    16
Armor: Robe              |    18 |    12 |     3 ||    33
Dodge: Dodged            |    23 |    23 |     7 ||    53

Table legend:
 A = Spawn XP
 B = Non-spawn XP
 C = Spawn XP percentage of total XP
 D = Spawn monster count
 E = Non-spawn monster count
 F = Spawn count percentage of total count
 G = Total turns spent on level
                    A         B        C        D         E        F      G
               +---------+---------+-------+---------+---------+-------+---------
         Total |       0 |    1830 |   0.0 |       0 |      24 |   0.0 |   442
               +---------+---------+-------+---------+---------+-------+---------
             D |       0 |    1830 |   0.0 |       0 |      24 |   0.0 |   442
               +---------+---------+-------+---------+---------+-------+---------
